AoeStats
← Henrik

Black Forest

510385460Analyzed
4v4 RM · 10h ago on Sep 30, 2026· 62m 27s· 8 players
Game mode
Random Map
Map size
Large (8 player)
Population
200
Speed
Normal
Resources
Standard
Victory
Conquest
Starting age
Dark Age
Ending age
Imperial Age
RankedLock teamsTeams togetherTeam positionsShared explorationLock speedFull tech treeHidden civsTurbo modeCheats
Victory
Defeat
🇺🇸 Byzantines · United States
892
+13
🇨🇳 Goths · China
877
+13
🇨🇳 Portuguese · China
848
+15
🇺🇸 Shu · United States
831
+15
🇹🇷 Mongols · Türkiye
878
-34
🇬🇷 Teutons · Greece
862
-16
🇸🇰 Persians · Slovakia
776
-12
🇨🇦 Magyars · Canada
764
-12
Cypress Fever
0:28 Loom
16:33 Feudal Age
17:27 Horse Collar
17:38 Double-Bit Axe
20:59 Wheelbarrow
22:40 Stone Mining
22:41 Gold Mining
26:25 Castle Age
28:23 Heavy Plow
28:38 Bow Saw
29:07 Gold Shaft Mining
29:00 Hand Cart
31:45 Fletching
31:55 Padded Archer Armor
31:56 Scale Mail Armor
32:07 Forging
37:12 Imperial Age
36:15 Fortified Wall
36:26 Ballistics
35:47 Treadmill Crane
36:00 Heated Shot
36:47 Coiled Serpent Array
36:12 Pikeman
36:38 Gambesons
36:54 Squires
36:40 Arson
38:14 Conscription
37:25 Elite White Feather Guard
38:26 Chain Mail Armor
38:27 Leather Archer Armor
38:07 Bodkin Arrow
41:28 Crossbowman
42:14 Thumb Ring
41:30 Elite Skirmisher
41:53 Arbalester
43:13 Halberdier
47:01 Chemistry
47:12 Bolt Magazine
48:07 Bolt Magazine
51:54 Bracer
52:24 Ring Archer Armor
52:25 Plate Mail Armor
Letty
11:51 Feudal Age
15:19 Wheelbarrow
18:25 Castle Age
16:34 Double-Bit Axe
22:35 Stone Mining
24:33 Bow Saw
24:35 Horse Collar
25:52 Hand Cart
26:51 Heavy Plow
32:51 Imperial Age
30:14 Town Watch
30:36 Gold Mining
31:46 Loom
32:02 Town Patrol
32:20 Caravan
31:54 Pikeman
32:35 Squires
34:12 Stone Shaft Mining
34:48 Chemistry
34:02 Forging
33:52 Scale Mail Armor
33:56 Anarchy
34:48 Conscription
36:23 Two-Man Saw
36:03 Crop Rotation
35:10 Elite Skirmisher
36:32 Ballistics
36:49 Iron Casting
36:01 Halberdier
41:20 Coinage
42:34 Fletching
42:45 Padded Archer Armor
43:46 Blast Furnace
43:01 Chain Mail Armor
Henrik
0:28 Loom
11:37 Feudal Age
11:58 Horse Collar
12:06 Double-Bit Axe
15:16 Gold Mining
16:56 Stone Mining
20:17 Castle Age
21:29 Bow Saw
21:22 Heavy Plow
22:27 Stone Shaft Mining
31:16 Imperial Age
29:23 Wheelbarrow
33:13 Chemistry
32:19 Arquebus
32:40 Conscription
34:29 Hand Cart
36:15 Two-Man Saw
36:58 Crop Rotation
35:56 Onager
38:59 Elite Organ Gun
44:39 Caravan
49:11 Elite Skirmisher
49:56 Thumb Ring
51:01 Guilds
Phil Mccrack
0:29 Loom
13:23 Feudal Age
14:09 Double-Bit Axe
16:49 Wheelbarrow
18:35 Castle Age
17:57 Horse Collar
21:57 Wheelbarrow
21:55 Stone Mining
26:29 Bow Saw
27:13 Hand Cart
27:09 Gold Mining
28:04 Heavy Plow
29:25 Gold Shaft Mining
29:25 Stone Shaft Mining
33:21 Imperial Age
31:07 Thumb Ring
32:49 Caravan
32:41 Crossbowman
36:33 Chemistry
35:54 Ballistics
35:15 Treadmill Crane
36:15 Fletching
36:25 Padded Archer Armor
36:36 Forging
36:31 Scale Barding Armor
36:46 Guilds
36:55 Arbalester
38:15 Iron Casting
38:00 Chain Barding Armor
37:35 Bodkin Arrow
37:55 Leather Archer Armor
37:56 Fortified Wall
39:15 Crop Rotation
39:51 Two-Man Saw
38:18 Elite Skirmisher
39:29 Conscription
40:16 Plate Barding Armor
41:21 Husbandry
40:55 Cavalier
41:36 Light Cavalry
42:27 Bracer
42:57 Ring Archer Armor
42:18 Hussar
47:17 Hoardings
48:49 Bombard Tower
49:26 Capped Ram
50:46 Paladin
54:57 Scale Mail Armor
RGuardian-
6:26 Loom
11:42 Feudal Age
12:03 Horse Collar
13:37 Double-Bit Axe
21:14 Castle Age
21:50 Heavy Plow
22:02 Bow Saw
28:08 Wheelbarrow
27:30 Gold Mining
27:32 Stone Mining
29:01 Fervor
30:37 Gold Shaft Mining
30:40 Stone Shaft Mining
36:11 Imperial Age
34:14 Hand Cart
35:13 Coinage
34:43 Caravan
35:49 Town Watch
37:35 Two-Man Saw
37:08 Crop Rotation
37:18 Pikeman
37:59 Squires
39:06 Scale Barding Armor
39:01 Scale Mail Armor
39:12 Forging
40:06 Chemistry
38:36 Halberdier
39:51 Elite War Elephant
40:52 Conscription
42:58 Heavy Cavalry Archer
44:07 Parthian Tactics
43:07 Elite Skirmisher
43:09 Crossbowman
43:54 Thumb Ring
46:06 Chain Barding Armor
46:01 Chain Mail Armor
46:22 Iron Casting
45:47 Padded Archer Armor
45:37 Fletching
45:57 Siphons
49:21 Cavalier
50:03 Husbandry
50:43 Plate Barding Armor
51:08 Blast Furnace
50:22 Savar
51:01 Heavy Scorpion
MikeDe
12:36 Feudal Age
13:01 Horse Collar
13:10 Double-Bit Axe
20:22 Castle Age
19:24 Forging
19:08 Gold Mining
19:30 Stone Mining
20:46 Elite Skirmisher
24:27 Stone Shaft Mining
26:32 Bow Saw
26:25 Heavy Plow
26:11 Pikeman
26:52 Squires
26:45 Fletching
27:31 Iron Casting
28:45 Wheelbarrow
29:16 Bodkin Arrow
34:21 Imperial Age
31:59 Scale Mail Armor
32:29 Caravan
33:51 Chain Mail Armor
34:46 Ballistics
36:12 Chemistry
34:38 Halberdier
36:16 Hand Cart
37:13 Two-Man Saw
38:12 Blast Furnace
39:42 Onager
50:15 Cavalier
Marshall
0:29 Loom
13:42 Feudal Age
14:38 Double-Bit Axe
14:35 Horse Collar
21:39 Castle Age
19:53 Gold Mining
20:13 Stone Mining
21:33 Padded Archer Armor
21:24 Fletching
22:38 Bow Saw
22:31 Heavy Plow
23:57 Gold Shaft Mining
25:27 Caravan
26:19 Leather Archer Armor
28:20 Bodkin Arrow
29:05 Thumb Ring
29:45 Corvinian Army
35:59 Imperial Age
34:09 Wheelbarrow
34:13 Ballistics
34:06 Scale Mail Armor
34:12 Scale Barding Armor
35:16 Bloodlines
35:08 Husbandry
36:41 Chain Barding Armor
37:01 Coinage
36:55 Recurve Bow
37:17 Conscription
36:24 Cavalier
37:42 Crop Rotation
38:25 Bracer
40:28 Parthian Tactics
39:24 Heavy Cavalry Archer
42:44 Two-Man Saw
41:32 Town Watch
44:10 Paladin
45:59 Hand Cart
45:44 Town Patrol
50:37 Ring Archer Armor
50:50 Banking
59:04 Onager
silindirnazmi
10:45 Feudal Age
12:08 Wheelbarrow
11:35 Horse Collar
12:48 Double-Bit Axe
17:58 Gold Mining
17:59 Stone Mining
22:44 Castle Age
21:26 Bloodlines
21:28 Padded Archer Armor
22:45 Fletching
23:47 Hand Cart
23:36 Heavy Plow
24:22 Bow Saw
24:53 Scale Mail Armor
26:07 Scale Barding Armor
26:48 Husbandry
28:09 Gold Shaft Mining
28:25 Stone Shaft Mining
30:26 Thumb Ring
31:51 Crossbowman
33:00 Chain Barding Armor
32:52 Forging
32:59 Chain Mail Armor
37:03 Masonry
36:50 Murder Holes
37:06 Fortified Wall
36:48 Guard Tower
37:26 Ballistics
40:04 Imperial Age
37:57 Leather Archer Armor
37:37 Bodkin Arrow
38:18 Iron Casting
39:07 Devotion
40:06 Cavalier
40:09 Arbalester
41:24 Plate Mail Armor
42:16 Bracer
43:16 Blast Furnace
42:43 Town Watch
42:44 Loom
Connection lost

Rejoining the realm…

Still unreachable

The connection could not be restored.

Session expired

The server has moved on; the page needs a fresh start.